 Dungeon Crawl Stone Soup version 0.20.1-1-g8b1a95d (webtiles) character file.

170 gobwax the Slinger (level 5, -5/34 HPs)
             Began as a Halfling Hunter on July 18, 2017.
             Slain by an orc warrior
             ... wielding a +0 flail
              (14 damage)
             ... on level 4 of the Dungeon.
             The game lasted 00:04:51 (2303 turns).

gobwax the Slinger (Halfling Hunter)                Turns: 2303, Time: 00:04:52

Health: -5/34      AC:  4    Str: 13    XL:     5   Next: 80%
Magic:  5/5        EV: 15    Int:  9    God:
Gold:   91         SH:  0    Dex: 16    Spells: 4/4 levels left

rFire    . . .     SeeInvis .   a - +1 hunting sling
rCold    . . .     Gourm    .   (shield restricted)
rNeg     . . .     Faith    .   c - +0 leather armour
rPois    .         Spirit   .   (no helmet)
rElec    .         Reflect  .   (no cloak)
rCorr    .         Harm     .   e - +0 pair of gloves
MR       .....                  (no boots)
Stlth    ++........             (no amulet)
Regen    0.2/turn               (no ring)
MPRegen  0.1/turn               (no ring)

@: no status effects
A: mutation resistance 1
a: no special abilities


You were on level 4 of the Dungeon.
You were not hungry.

You visited 1 branch of the dungeon, and saw 4 of its levels.

You collected 91 gold pieces.

Inventory:

Hand Weapons
 a - a +1 hunting sling (weapon)
 b - a +0 short sword
Missiles
 d - 40 sling bullets (quivered)
 g - 75 stones
Armour
 c - a +0 leather armour (worn)
 e - a +0 pair of gloves (worn)
Jewellery
 k - an uncursed ring of resist corrosion {unknown}
 y - an uncursed ring of stealth {unknown}
Wands
 m - a wand of digging (14/24)
Scrolls
 n - a scroll of identify {unknown}
 o - a scroll of enchant weapon {unknown}
 p - 3 scrolls of remove curse {unknown}
 q - 5 scrolls of teleportation {unknown}
 s - a scroll of noise {unknown}
 v - a scroll of enchant armour {unknown}
 w - 3 scrolls of amnesia {unknown}
Potions
 h - 2 potions of might {unknown}
 i - a potion of ambrosia {unknown}
 l - a potion of curing
 r - a potion of brilliance {unknown}
 t - a potion of flight {unknown}
 u - a potion of degeneration {unknown}
Comestibles
 f - 3 bread rations
 j - 3 meat rations


   Skills:
 - Level 2.2 Fighting
 * Level 9.0 Slings
 - Level 0.7 Armour
 - Level 2.4 Dodging
 - Level 1.1 Stealth


You had 4 spell levels left.
You didn't know any spells.

Dungeon Overview and Level Annotations

Branches:
Dungeon (4/15)
 Temple: D:4-7

Altars:
Kikubaaqudgha
Trog


Innate Abilities, Weirdness & Mutations

You are small and have problems with some larger weapons.
You are somewhat resistant to further mutation.


Message History

The sling bullet hits the orc priest!
The orc priest is almost dead.
The orc priest looks braver for a moment.
The orc warrior barely misses you.
Firing (i - inventory. (,) - cycle):
d - 42 sling bullets (quivered)
Press: ? - help, Shift-Dir - straight line, f/p - orc warrior
Aim: an orc warrior, wielding a flail and wearing a chain mail (moderately wounded)
You shoot a sling bullet. The sling bullet hits the orc warrior.
The orc warrior is heavily wounded.
Firing (i - inventory. (,) - cycle):
d - 41 sling bullets (quivered)
Press: ? - help, Shift-Dir - straight line, f/p - orc warrior
Aim: an orc warrior, wielding a flail and wearing a chain mail (heavily wounded)
You shoot a sling bullet.
The sling bullet closely misses the orc warrior.
The sling bullet closely misses the orc priest.
The sling bullet hits the orc wizard.
The orc wizard is moderately wounded.
The orc priest calls upon Beogh to heal the orc warrior.
The orc warrior is healed somewhat.
The orc warrior hits you with a flail!
You die...

###............#
#.....#.#
..<.......######
###...†.#
....#####.#
####..# #####
#.# ..#..# #.#
#.#..# #.#
#.#..# #.#
##.#..# #.#
#.#######.#...#
#.#
#...@ooo(###..#
#..######.#..##
#. ....# ..
o.### .. ### ##


You could see an orc warrior, an orc priest and an orc wizard.

Vanquished Creatures
  Terence (D:2)
  A worker ant (D:4)
  A howler monkey skeleton (D:3)
  3 adders
  An ooze (D:1)
  A worm (D:2)
  2 dart slugs
  2 leopard geckos
  5 orcs
  3 giant cockroaches
  10 hobgoblins
  7 jackals
  10 kobolds
  A quokka (D:2)
  6 bats
  6 frilled lizards
  8 rats
68 creatures vanquished.

Notes
Turn   | Place    | Note
-------+----------+-------------------------------------------
     0 | D:1      | gobwax the Halfling Hunter began the quest for the Orb.
     0 | D:1      | Reached XP level 1. HP: 14/14 MP: 1/1
    21 | D:1      | Reached skill level 6 in Slings
    23 | D:1      | Reached XP level 2. HP: 19/19 MP: 2/2
    77 | D:1      | Reached XP level 3. HP: 21/24 MP: 3/3
   148 | D:1      | Reached skill level 7 in Slings
   511 | D:2      | Noticed Terence
   513 | D:2      | Reached XP level 4. HP: 29/29 MP: 4/4
   533 | D:2      | Killed Terence
   738 | D:2      | Found an ancient bone altar of Kikubaaqudgha.
   883 | D:2      | Reached skill level 8 in Slings
   883 | D:2      | Reached XP level 5. HP: 32/34 MP: 5/5
  1268 | D:3      | Found a bloodstained altar of Trog.
  2239 | D:4      | Reached skill level 9 in Slings
  2285 | D:4      | Noticed an orc warrior
  2303 | D:4      | Slain by an orc warrior

Skill      XL: |  1  2  3  4  5 |
---------------+----------------+-----
Slings         | 6 7 8 9 |  9.0
Fighting       | 2 |  2.2
Armour         | |  0.7
Dodging        | |  2.4
Stealth        | |  1.1

Action                   |  1- 3 |  4- 6 || total
-------------------------+-------+-------++-------
 Fire: Hunting sling     |    80 |   153 ||   233
  Use: Potion            |       |     2 ||     2
  Eat: Chunk             |       |     4 ||     4
Armor: Leather armour    |     8 |     9 ||    17
Dodge: Dodged            |    16 |    74 ||    90
